 Dungeon Crawl Stone Soup version 0.19.0-22-gd96e5fe (webtiles) character file.

70 Monsterracer the Chopper (level 4, 0/40 HPs)
             Began as a Hill Orc Fighter on Nov 19, 2016.
             Was an Initiate of Okawaru.
             Killed by divine providence
             ... invoked by an orc priest
              (7 damage)
             ... on level 4 of the Dungeon.
             The game lasted 00:02:06 (1384 turns).

Monsterracer the Chopper (Hill Orc Fighter)         Turns: 1384, Time: 00:02:07

Health: 0/40       AC:  8    Str: 18    XL:     4   Next: 22%
Magic:  4/4        EV:  7    Int:  8    God:    Okawaru [......]
Gold:   123        SH: 15    Dex: 11    Spells: 0 memorised, 3 levels left

rFire  + . .     SeeInvis .     a - +0 war axe
rCold  . . .     Gourm    .     b - +0 scale mail
rNeg   + . .     Faith    .     c - +0 shield
rPois  .         Spirit   .     (no helmet)
rElec  .         Reflect  +     e - +0 cloak
rCorr  .         Harm     .     (no gloves)
MR     .....                    (no boots)
Stlth  ..........               m - +6 amulet of reflection
                                q - ring of positive energy
                                p - ring of protection from fire

@: no status effects
A: no striking features
a: Renounce Religion, Convert to Beogh


You were on level 4 of the Dungeon.
You worshipped Okawaru.
Okawaru was noncommittal.
You were near starving.

You visited 1 branch of the dungeon, and saw 3 of its levels.

You collected 123 gold pieces.

Inventory:

Hand Weapons
 a - a +0 war axe (weapon)
Armour
 b - a +0 scale mail (worn)
 c - a +0 shield (worn)
 e - a +0 cloak (worn)
Jewellery
 m - a +6 amulet of reflection (around neck)
 p - a ring of protection from fire (left hand)
 q - a ring of positive energy (right hand)
Scrolls
 h - 2 scrolls of identify {unknown}
 i - a scroll of fear {unknown}
 j - a scroll of recharging {unknown}
 k - 2 scrolls of teleportation {unknown}
 n - a scroll of remove curse {unknown}
Potions
 d - a potion of might
Books
 l - a book of Misfortune

   Spells                             Type                      Level
   a - Confusing Touch                Hexes                        1
   b - Confuse                        Hexes                        3
   c - Gell's Gravitas                Hexes/Translocation          3
   d - Petrify                        Transmutation/Earth          4
   e - Metabolic Englaciation         Hexes/Ice                    5
   f - Yara's Violent Unravelling     Hexes/Transmutation          5
Comestibles
 f - 4 bread rations
 g - 2 beef jerkies
 o - a meat ration


   Skills:
 + Level 3.8 Fighting
 * Level 5.6 Axes
 + Level 3.2 Armour
 - Level 3.2 Shields
 + Level 0.0 Invocations


You had 3 spell levels left.
You didn't know any spells.

Dungeon Overview and Level Annotations

Branches:
Dungeon (2/15)

Altars:
Okawaru


Message History

The orc priest calls down the wrath of Beogh upon you.
Beogh smites you!
You hear some strange, mumbled words.
Something tries to affect you, but you resist.
You completely miss something.
You feel less confused. Something hits you.
You hit something. You block something's attack.
Something completely misses you.
You closely miss something.
The orc priest miscasts a cantrip.
Something hits you but does no damage.
You miss something. Something hits you but does no damage.
The orc priest calls down the wrath of Beogh upon you.
Beogh smites you!
* * * LOW HITPOINT WARNING * * *
You closely miss something. Something hits you but does no damage.
The orc priest calls down the wrath of Beogh upon you.
Beogh smites you!
You die...

## #...# # #...# .#
#...# .# #...# .#
#### #...###### .#
...# #........# .#
##.#####...###.#
.#####.
##.........#
#.###oS.....
......####.###..@{#
......####.....##.#
##.####......####.#
...# #.##.#.# ...
.#.# #.##.#.# ##$##
.#.# #....#.# #.#
.#.# ##..###.# #>.
...# #.....#.# ...
#.## #.......# .##


You could see an orc priest and an adder.

Vanquished Creatures
  3 adders (D:2)
  An ooze (D:4)
  A dart slug (D:1)
  A leopard gecko (D:1)
  2 orcs (D:4)
  A ball python (D:1)
  2 bats
  3 giant cockroaches
  7 goblins
  3 hobgoblins (D:1)
  4 kobolds
  4 rats
32 creatures vanquished.

Notes
Turn   | Place    | Note
-------+----------+-------------------------------------------
     0 | D:1      | Monsterracer the Hill Orc Fighter began the quest for the Orb.
     0 | D:1      | Reached XP level 1. HP: 19/19 MP: 1/1
    57 | D:1      | Reached skill level 3 in Axes
   299 | D:1      | Reached XP level 2. HP: 26/26 MP: 2/2
   457 | D:1      | Reached skill level 4 in Axes
   841 | D:2      | Reached XP level 3. HP: 30/31 MP: 3/3
   927 | D:2      | Reached skill level 5 in Axes
  1129 | D:2      | Found an iron altar of Okawaru.
  1141 | D:2      | Reached XP level 4. HP: 39/39 MP: 4/4
  1143 | D:2      | Became a worshipper of Warmaster Okawaru
  1188 | D:2      | You fall through a shaft for 2 floors!
  1384 | D:4      | Killed from afar by an orc priest

Skill      XL: |  1  2  3 |
---------------+----------+-----
Axes           | 3 4 5 |  5.6
Fighting       | |  3.8
Armour         | |  3.2
Shields        | |  3.2

Action                   |  1- 3 |  4- 6 || total
-------------------------+-------+-------++-------
Melee: War axe           |    81 |    20 ||   101
  Use: Potion            |     1 |     2 ||     3
Armor: Scale mail        |    35 |     7 ||    42
Dodge: Dodged            |    30 |     1 ||    31
Block: Shield            |    48 |    12 ||    60
       Reflection        |     1 |       ||     1
